 Seeded DCSS version 0.27-a0-401-gea03ee85fd (webtiles) character file.

Game seed: 20210221 (custom seed)

14 Snicker the Sneak (level 2, -8/24 HPs)
             Began as a Demonspawn Delver on Feb 21, 2021.
             Killed from afar by a white imp (10 damage)
             ... with a puff of frost
             ... on level 8 of the Dungeon.
             The game lasted 00:01:37 (169 turns).

Snicker the Sneak (Demonspawn Delver)                Turns: 169, Time: 00:01:38

Health: -8/24      AC:  3    Str: 12    XL:     2   Next: 27%
Magic:  2/2        EV: 12    Int: 11    God:
Gold:   16         SH:  4    Dex: 14    Spells: 1/1 levels left

rFire    . . .     SeeInvis +   a - +0 short sword
rCold    . . .     Faith    .   (no shield)
rNeg     . . .     Spirit   .   b - +0 leather armour
rPois    .         Reflect  .   (no helmet)
rElec    .         Harm     .   (no cloak)
rCorr    .         Rampage  .   (no gloves)
Will     .....                  (no boots)
Stlth    +++.......             (no amulet)
HPRegen  0.08/turn              l - ring of see invisible
MPRegen  0.08/turn              (no ring)

@: no status effects
A: condensation shield
a: no special abilities


You were on level 8 of the Dungeon.
You visited 1 branch of the dungeon, and saw 4 of its levels.

You collected 16 gold pieces.

Inventory:

Hand Weapons
 a - a +0 short sword (weapon)
Armour
 b - a +0 leather armour (worn)
Jewellery
 l - a ring of see invisible (left hand)
Wands
 g - a wand of digging (3)
Scrolls
 c - a scroll of fog
 d - a scroll of magic mapping
 h - a scroll of identify {unknown}
 i - a scroll of immolation {unknown}
 k - a scroll of teleportation {unknown}
Potions
 f - a potion of haste


   Skills:
 + Level 3.0 Fighting
 * Level 1.7 Short Blades
 + Level 1.7 Dodging
 * Level 5.1 Stealth


You had one spell level left.
You didn't know any spells.
Your spell library was empty.

Dungeon Overview and Level Annotations

Branches:
Dungeon (8/15)
 Temple: D:4-7         Lair: D:8-11

Altars:


Innate Abilities, Weirdness & Mutations

A meltable shield of frost defends you. (SH +4)


Message History

k - a scroll labelled ROLIXA LUTUSO
There is a stone staircase leading down here.
You climb downwards.
There is a stone staircase leading up here.
A white imp comes into view.
The white imp shouts, "Flee, thou mangled hasty-witted lout!"
The white imp gestures at you. You block the puff of frost.
The white imp gestures at you. The puff of frost hits you.
You see here a small peridot ring.
l - a small peridot ring
l - a ring of see invisible (left hand) Unknown command.
Unknown command.
It was a potion of curing.
You feel better. The white imp gestures at you. The puff of frost hits you!
The white imp gestures at you. The puff of frost hits you.
You hit the white imp.
The white imp is lightly wounded.
The white imp closely misses you.
You hit the white imp.
The white imp is moderately wounded.
The white imp gestures at you. The puff of frost misses you.
You hit the white imp but do no damage.
The white imp is moderately wounded.
The white imp gestures at you. The puff of frost hits you!
Ouch! That really hurt!
* * * LOW HITPOINT WARNING * * *
Unknown command.
Unknown command.
As you read the scroll of fear, it crumbles to dust.
You assume a fearsome visage.
The white imp is unaffected.
The white imp gestures at you. The puff of frost hits you!
You die...

.# #. .##. #.#.
#...## #....#
#....## # #..#
!# #..## .#
##.@# ..#
#.5#..#
#..####.....##
#.....<......#
......#####...#
..... .....
.... .#... ...
###. #.


You could see a white imp.

Vanquished Creatures
  An adder (D:7)
  An orc (D:7)
  A giant cockroach (D:7)
  A quokka (D:6)
4 creatures vanquished.

Notes
Turn   | Place    | Note
-------+----------+-------------------------------------------
     0 | D:5      | Snicker the Demonspawn Delver began the quest for the Orb.
     0 | D:5      | Reached XP level 1. HP: 18/18 MP: 1/1
    66 | D:6      | Noticed a centaur
   141 | D:7      | Reached skill level 5 in Stealth
   141 | D:7      | Gained mutation: A meltable shield of frost defends you.
                  | (SH +4) [demonic ancestry]
   141 | D:7      | Reached XP level 2. HP: 24/24 MP: 2/2
   169 | D:8      | Killed from afar by a white imp

Illustrated notes

Levels and vault maps discovered:
D:5:      layout_loops_corners, minitemple, kennysheep_generic_room_3,
          uniq_pikel, uniq_blork_the_orc, uniq_duvessa
D:6:      layout_rooms, nicolae_tso_besieged_by_evil, serial_shops, shop,
          lightli_ossuary_entry_decrepit_ruins
D:7:      layout_basic, general_overflow_altar, nicolae_overflow_crystal_walls,
          basic_altar
D:8:      minmay_recursive_quarters, layout_layer_cave, nicolae_ru_awakened_eye,
          serial_shops, nicolae_shop_trees

Skill      XL: |  1 |
---------------+----+-----
Stealth        | 5 |  5.1
Fighting       | |  3.0
Short Blades   | |  1.7
Dodging        | |  1.7

Action                   || total
-------------------------++-------
Melee: Short sword       ||     7
  Use: Scroll            ||     1
       Potion            ||     1
 Stab: Sleeping          ||     3
Dodge: Dodged            ||     2
Block: Other             ||     1

Table legend: (Time is in decaauts)
 A = Elapsed time spent in this place.
 B = Non-inter-level travel time spent in this place.
 C = Inter-level travel time spent in this place.
 D = Time resting spent in this place.
 E = Time spent auto-exploring this place.
 F = Levels seen in this place.
 G = Mean time per level.
                   A        B        C        D        E       F      G
               +--------+--------+--------+--------+--------+-----+--------+
         Total |    167 |    151 |     16 |      0 |     64 |   4 |   41.8 |
       Dungeon |    167 |    151 |     16 |      0 |     64 |   4 |   41.8 |
               +--------+--------+--------+--------+--------+-----+--------+

Top non-repeatable levels by time:
     D:6: 99 daAuts
     D:7: 52 daAuts
     D:8: 14 daAuts
     D:5: 1 daAuts
